 Dungeon Crawl Stone Soup version 0.28.0-47-ge53b351184 (webtiles) character file.

Game seed: 171786879713149382

3680 101zpm the Thaumaturge (level 10, -8/61 HPs)
             Began as a Djinni Fire Elementalist on Apr 30, 2022.
             Was an Elder of Cheibriados.
             Mangled by a death yak (21 damage)
             ... on level 9 of the Dungeon.
             The game lasted 00:21:15 (5555 turns).

101zpm the Thaumaturge (Djinni Fire Elementalist)   Turns: 5555, Time: 00:21:17

Health: -8/61      AC:  3    Str: 16    XL:     10   Next: 35%
Gold:   502        EV: 14    Int: 30    God:    Cheibriados [****..] SH:  0 Dex: 23

rFire   + + .      SeeInvis .   (no weapon)
rCold   x . .      Faith    .   (no shield)
rNeg    . . .      Spirit   .   a - +0 robe
rPois   ∞          Reflect  .   s - +0 helmet
rElec   .          Harm     .   (no cloak)
rCorr   .          Rampage  .   (no gloves)
Will    +....                   (boots unavailable)
Stlth   +++.......              b - amulet of regeneration
HPRegen 1.00/turn               r - ring of wizardry
MPRegen 0.00/turn               (no ring)

@: flying, very slow
A: sickness immunity, fire resistance 2, cold vulnerability 1, float, innate
caster, HP casting, extra vitality 1
a: Renounce Religion, Bend Time, Temporal Distortion, Slouch


You were on level 9 of the Dungeon.
You worshipped Cheibriados.
Cheibriados was greatly pleased with you.
You visited 1 branch of the dungeon, and saw 9 of its levels.

You collected 502 gold pieces.

Inventory:

Armour
 a - a +0 robe (worn)
 s - a +0 helmet (worn)
Jewellery
 b - an amulet of regeneration (around neck)
 r - a ring of wizardry (left hand)
 u - a +6 ring of dexterity
 z - an amulet of the acrobat
Wands
 p - a wand of flame (19)
 w - a wand of polymorph (7)
Scrolls
 c - 2 scrolls of immolation {unknown}
 g - a scroll of blinking {unknown}
 h - 3 scrolls of teleportation {unknown}
 o - 7 scrolls of identify {unknown}
 q - a scroll of holy word {unknown}
 t - a scroll of fear {unknown}
 v - a scroll of noise {unknown}
 y - a scroll of vulnerability {unknown}
Potions
 d - 6 potions of curing {unknown}
 e - a potion of invisibility {unknown}
 f - 3 potions of mutation {unknown}
 i - 3 potions of brilliance {unknown}
 j - 2 potions of heal wounds {unknown}
 k - a potion of resistance {unknown}
 l - a potion of lignification {unknown}
 m - a potion of might {unknown}
 n - a potion of attraction {unknown}
 x - a potion of ambrosia {unknown}
 A - a potion of haste {unknown}


   Skills:
 + Level 0.5 Fighting
 + Level 3.4 Dodging
 + Level 3.3 Stealth
 + Level 10.8 Spellcasting


You had 8 spell levels left.
You knew the following spells:

 Your Spells              Type           Power      Damage    Failure   Level
a - Foxfire               Conj/Fire      100%       2x1d9     1%          1
b - Scorch                Fire           100%       2d10      1%          2
c - Conjure Flame         Conj/Fire      69%        6-21      1%          3
d - Inner Flame           Hex/Fire       69%        N/A       1%          3
e - Flame Wave            Conj/Fire      69%        2d13      1%          4
f - Apportation           Tloc           100%       N/A       1%          1
g - Blink                 Tloc           100%       N/A       1%          2
h - Spider Form           Tmut/Pois      69%        N/A       1%          3
i - Stone Arrow           Conj/Erth      100%       3d13      1%          3
Your spell library was empty.

Dungeon Overview and Level Annotations

Branches:
Dungeon (9/15)             Temple (0/1) D:5
   Lair: D:8-11         Orc: D:9-12

Altars:
Cheibriados
Okawaru

Shops:
D:6 *(*


Innate Abilities, Weirdness & Mutations

You are immune to sickness and miasma.
You are immune to poison.
Your flesh is very heat resistant. (rF++)
You are vulnerable to cold. (rC-)
You float through the air rather than walking.
You learn spells naturally, not from books.
Your magical power is your life essence.
You have superior vitality. (+4 MHP)


Message History

An orc comes into view. It is wielding a +0 hand axe.
The death yak is engulfed in blazing flames.
Casting: Foxfire (safe; 1% risk of failure)
Confirm with . or Enter, or press ? or * to list all spells.
Aiming: Inner Flame (safe; 1% risk of failure)
Press: ? - help, Dir - move target, f - orc
Aim: an orc, wielding a +0 hand axe and wearing a +0 leather armour (chance to affect: 99%)
The orc is filled with an inner flame.
The foxfire hits the killer bee.
The killer bee is lightly wounded.
The foxfire hits the killer bee.
The killer bee is heavily wounded.
The killer bee completely misses you. The killer bee closely misses you.
A gnoll comes into view. It is wielding a +0 whip.
The killer bee barely misses you. x2
The killer bee completely misses you. The killer bee stings you.
The killer bee closely misses you. The killer bee barely misses you.
The killer bee stings you. x2
The killer bee stings you but does no damage.
The killer bee stings you!
The death yak is engulfed in blazing flames.
The killer bee closely misses you. The killer bee misses you.
There is an escape hatch in the floor here.
The killer bee stings you but does no damage.
The killer bee closely misses you.
You fly downwards.
The hatch slams shut behind you.
Found a ruby potion and 14 arrows.
Casting: Inner Flame (safe; 1% risk of failure)
Confirm with . or Enter, or press ? or * to list all spells.
Flames lash the killer bee.
You kill the killer bee!
Cheibriados thoroughly appreciates the change of pace.
The death yak gores you!
* * * LOW HITPOINT WARNING * * *
You are too injured to fight recklessly!
Casting: Foxfire (safe; 1% risk of failure)
Press: ? - help, Q - select action, (/) - cycle Dir - look around, f - activate You conjure some foxfire!
* * * LOW HITPOINT WARNING * * *
The death yak gores you!!
You die...

+#########
.....(...#
.........#
.........#
.........#
....Z....+
......v..#
......v@Y#
##########


You could see a death yak (ally target) and a killer bee zombie.

Vanquished Creatures
  A manticore (D:7)
  A tengu conjurer (D:8)
  A steam dragon (D:6)
  An orc warrior (D:6)
  A sky beast (D:3)
  2 ice beasts (D:8)
  A necrophage (D:6)
  5 ogres
  2 gnoll sergeants (D:8)
  4 bullfrogs
  A water moccasin zombie (D:5)
  17 killer bees
  A wight (D:8)
  2 howler monkeys (D:8)
  A centaur zombie (D:7)
  3 bullfrog zombies
  A jelly (D:7)
  An orc priest (D:6)
  4 hounds
  An iguana (D:5)
  3 orc wizards
  A hell rat (D:8)
  A killer bee zombie (D:6)
  14 gnolls
  7 adders
  A river rat (D:8)
  A white imp (D:7)
  An ufetubus (D:5)
  A worm (D:3)
  5 dart slugs
  9 orcs
  8 endoplasms
  3 giant cockroaches
  5 goblins
  4 hobgoblins
  3 jackals (D:3)
  3 quokkas
  6 ball pythons
  7 bats
  2 frilled lizards
  2 kobolds
  9 rats
147 creatures vanquished.

Vanquished Creatures (collateral kills)
  A foxfire (D:8)
1 creature vanquished.

Vanquished Creatures (others)
  521 foxfires
521 creatures vanquished.

Grand Total: 669 creatures vanquished

Notes
Turn   | Place    | Note
-------+----------+-------------------------------------------
     0 | D:1      | 101zpm the Djinni Fire Elementalist began the quest for the
                  | Orb.
     0 | D:1      | Reached XP level 1. HP: 15/15 MP: 0/0
   225 | D:1      | Reached XP level 2. HP: 17/21 MP: 0/0
   509 | D:1      | Reached skill level 3 in Spellcasting
   509 | D:1      | Reached XP level 3. HP: 25/25 MP: 0/0
   509 | D:1      | Learned a level 1 spell: Apportation
   940 | D:2      | Reached XP level 4. HP: 2/31 MP: 0/0
   986 | D:2      | Found a snail-covered altar of Cheibriados.
  1188 | D:2      | Became a worshipper of Cheibriados the Contemplative
  1329 | D:3      | Noticed a sky beast
  1336 | D:3      | Killed a sky beast
  1337 | D:3      | Reached skill level 4 in Spellcasting
  1337 | D:3      | Reached XP level 5. HP: 20/35 MP: 0/0
  1337 | D:3      | Learned a level 2 spell: Blink
  1388 | D:3      | Found an iron altar of Okawaru.
  1828 | D:3      | Reached * piety under Cheibriados
  1860 | D:3      | Reached XP level 6. HP: 33/40 MP: 0/0
  2327 | D:4      | Noticed an ogre
  2331 | D:4      | Killed an ogre
  2532 | D:4      | Noticed an ogre
  2535 | D:4      | Killed an ogre
  2536 | D:4      | Reached skill level 5 in Spellcasting
  2536 | D:4      | Reached XP level 7. HP: 31/45 MP: 0/0
  2536 | D:4      | Learned a level 3 spell: Spider Form
  2764 | D:5      | Entered Level 5 of the Dungeon
  2892 | D:5      | Reached skill level 6 in Spellcasting
  3357 | D:5      | Reached ** piety under Cheibriados
  3358 | D:5      | Reached XP level 8. HP: 42/50 MP: 0/0
  3826 | D:5      | Found a staircase to the Ecumenical Temple.
  3888 | D:6      | Reached skill level 7 in Spellcasting
  4087 | D:6      | Reached XP level 9. HP: 55/56 MP: 0/0
  4087 | D:6      | Learned a level 3 spell: Stone Arrow
  4125 | D:6      | Reached skill level 8 in Spellcasting
  4189 | D:6      | Found Peczoisk's General Store.
  4265 | D:6      | Found Xailunu's Weapon Boutique.
  4429 | D:6      | Found Fyoz Mubb's General Store.
  4876 | D:7      | Reached *** piety under Cheibriados
  4884 | D:7      | Noticed a manticore
  4889 | D:7      | Killed a manticore
  4890 | D:7      | Reached skill level 9 in Spellcasting
  5396 | D:8      | Noticed a tengu conjurer
  5402 | D:8      | Killed a tengu conjurer
  5403 | D:8      | Reached skill level 10 in Spellcasting
  5403 | D:8      | Reached XP level 10. HP: 17/61 MP: 0/0
  5527 | D:8      | Reached **** piety under Cheibriados
  5545 | D:8      | Noticed a death yak
  5555 | D:9      | Mangled by a death yak

Illustrated notes

Levels and vault maps discovered:
D:1:      scummos_arrival_simple_fountains, layout_basic
D:2:      layout_rooms, basic_altar, chequers_arboretum, minmay_pentomino_u2
D:3:      layout_basic, okawaru_trees_2
D:4:      layout_cave_pools, minmay_distorted
D:5:      layout_basic, minmay_temple_entry_from_below_b
D:6:      layout_cave_pods, serial_shops, nicolae_shop_behind_doors,
          kennysheep_mini_moat, nicolae_shop_bloodbath_and_beyond, fountainhead
D:7:      layout_cave_pools
D:8:      layout_rooms, dpeg_lair_monsters,
          hellmonk_guarded_unrand_staff_of_battle
D:9:      layout_roguey

Skill      XL: |  1  2  3  4  5  6  7  8  9 |
---------------+----------------------------+-----
Spellcasting   | 3 4 5 6 7 10 | 10.8
Stealth        | 2 3 |  3.3
Dodging        | 3 |  3.4
Fighting       | |  0.5

Action                   |  1- 3 |  4- 6 |  7- 9 | 10-12 || total
-------------------------+-------+-------+-------+-------++-------
 Cast: Foxfire           |   121 |    56 |   141 |    24 ||   342
       Scorch            |     5 |       |     4 |     1 ||    10
       Inner Flame       |       |    30 |    61 |    16 ||   107
Armor: Robe              |       |     1 |     3 |     2 ||     6
Dodge: Dodged            |    15 |     4 |     5 |    20 ||    44
